 Dungeon Crawl Stone Soup version 0.28.0-53-g5a82cb258f (webtiles) character file.

Game seed: 17996370196863720569

31 Zeld the Firebug (level 3, -4/19 HPs)
             Began as a Deep Elf Fire Elementalist on May 22, 2022.
             Killed from afar by Ijyb (20 damage)
             ... with a bolt of acid
             ... on level 2 of the Dungeon.
             The game lasted 00:01:22 (1364 turns).

Zeld the Firebug (Deep Elf Fire Elementalist)       Turns: 1364, Time: 00:01:23

Health: -4/19      AC:  2    Str:  5    XL:     3   Next: 7%
Magic:  4/10       EV: 13    Int: 21    God:
Gold:   42         SH:  0    Dex: 15    Spells: 6/9 levels left

rFire   . . .      SeeInvis .   a - +3 dagger
rCold   . . .      Faith    .   (no shield)
rNeg    . . .      Spirit   .   f - +0 robe
rPois   .          Reflect  .   (no helmet)
rElec   .          Harm     .   (no cloak)
rCorr   .          Rampage  .   (no gloves)
Will    .....                   (no boots)
Stlth   ++........              (no amulet)
HPRegen 0.06/turn               (no ring)
MPRegen 0.12/turn               (no ring)

@: no status effects
A: no striking features
a: no special abilities


You were on level 2 of the Dungeon.
You visited 1 branch of the dungeon, and saw 2 of its levels.

You collected 42 gold pieces.

Inventory:

Hand Weapons
 a - a +3 dagger (weapon)
Armour
 f - a +0 robe (worn)
Scrolls
 b - a scroll of teleportation {unknown}
 d - a scroll of magic mapping {unknown}
 e - 2 scrolls of identify {unknown}
Potions
 c - a potion of flight {unknown}
 g - a potion of brilliance {unknown}


   Skills:
 + Level 2.8 Dodging
 - Level 2.4 Stealth
 * Level 3.7 Spellcasting
 + Level 1.5 Conjurations
 * Level 3.8 Fire Magic


You had 6 spell levels left.
You knew the following spells:

 Your Spells              Type           Power      Damage    Failure   Level
a - Foxfire               Conj/Fire      60%        2x1d7     4%          1
b - Scorch                Fire           40%        2d7       3%          2

Your spell library contained the following spells:

 Spells                   Type           Power      Damage    Failure   Level
 Conjure Flame            Conj/Fire      15%        6-21      12%         3
 Inner Flame              Hex/Fire       12%        N/A       17%         3
 Flame Wave               Conj/Fire      15%        2d6       38%         4


Dungeon Overview and Level Annotations

Branches:
Dungeon (2/15)

Altars:

Shops:
D:1 !

Annotations:
D:2 Ijyb


Message History

The goblin shouts! x5
The goblin shouts!
The goblin unwields a +0 dagger.
The goblin wields a +0 hunting sling.
The goblin shoots a stone.
The stone hits you.
Casting: Scorch (safe; 4% risk of failure)
Confirm with . or Enter, or press ? or * to list all spells.
Flames lash the goblin.
The goblin is almost dead.
The goblin's fire resistance burns away.
Casting: Scorch (safe; 4% risk of failure)
Confirm with . or Enter, or press ? or * to list all spells.
Flames lash the goblin.
The goblin is burned terribly!
You kill the goblin!
You have reached level 3!
Your experience leads to an increase in your attributes!
Increase (S)trength, (I)ntelligence, or (D)exterity?
You feel clever. x2
Casting: Scorch (safe; 3% risk of failure)
Confirm with . or Enter, or press ? or * to list all spells.
Flames lash the goblin.
You kill the goblin!
Casting: Scorch (safe; 3% risk of failure)
Confirm with . or Enter, or press ? or * to list all spells.
Flames lash the goblin.
The goblin is almost dead.
The goblin's fire resistance burns away.
The goblin is no longer more vulnerable to fire.
Press: ? - help, v - describe, . - travel
Here: Ijyb, wielding a +0 club, wearing a +0 leather armour and carrying a wand of acid (13)
The floor.
Casting: Scorch (safe; 3% risk of failure)
Confirm with . or Enter, or press ? or * to list all spells.
Flames lash the goblin.
You kill the goblin!
Ijyb zaps a wand.
The bolt of acid misses you.
There is an escape hatch in the ceiling here.
There is an escape hatch in the ceiling here.
Ijyb zaps a wand.
The bolt of acid hits you!!
Ouch! That really hurt!
You die...

##### #...# #@#.# #.#.#
## #.#.# .# #.#.# .#
#g#.### .## #g#...#
..##############.###.#
...............)....>##
..#....(..####.#......#


You could see Ijyb and a goblin.

Vanquished Creatures
  A gnoll (D:1)
  A dart slug (D:1)
  3 bats
  An endoplasm (D:1)
  A giant cockroach (D:1)
  3 goblins (D:2)
  A kobold (D:1)
  A quokka (D:1)
  4 ball pythons (D:1)
  2 frilled lizards (D:1)
  A rat (D:1)
19 creatures vanquished.

Vanquished Creatures (others)
  34 foxfires (D:1)
34 creatures vanquished.

Grand Total: 53 creatures vanquished

Notes
Turn   | Place    | Note
-------+----------+-------------------------------------------
     0 | D:1      | Zeld the Deep Elf Fire Elementalist began the quest for the
                  | Orb.
     0 | D:1      | Reached XP level 1. HP: 10/10 MP: 6/6
   270 | D:1      | Reached XP level 2. HP: 15/15 MP: 2/8
   352 | D:1      | Learned a level 2 spell: Scorch
   553 | D:1      | Found Yphof's Distillery.
   772 | D:1      | Found a faded altar of an unknown god.
  1304 | D:2      | Noticed Ijyb
  1324 | D:2      | Reached XP level 3. HP: 14/19 MP: 5/10
  1364 | D:2      | Killed from afar by Ijyb

Illustrated notes

Levels and vault maps discovered:
D:1:      lightli_arrival_isolated_outpost, layout_loops_corners, serial_shops,
          nicolae_shop_crystal, ebering_ecumenical_altar_abandoned,
          minmay_tromino_v4_b
D:2:      kennysheep_the_goblin_king, layout_basic, uniq_robin, uniq_terence,
          uniq_jessica

Action                   || total
-------------------------++-------
 Cast: Foxfire           ||    23
       Scorch            ||    15
Dodge: Dodged            ||     2
